 Dungeon Crawl Stone Soup version 0.31-a0-1338-gb567cfdca4 (webtiles) character file.

Game seed: 16926901782548650681

445166 whatisthis the Conqueror (level 23, -40/284 HPs)
             Began as an Oni Berserker on Dec 21, 2023.
             Was a High Priest of Trog.
             Killed from afar by an electric golem (45 damage)
             ... with a bolt of lightning
             ... on level 1 of the Realm of Zot on Dec 22, 2023.
             The game lasted 04:04:41 (60656 turns).

whatisthis the Conqueror (Oni Berserker)           Turns: 60656, Time: 04:04:42

Health: -40/284    AC: 25    Str: 44    XL:     23   Next: 85%
Magic:  23/23      EV:  6    Int:  7    God:    Trog [*****.]
Gold:   4029       SH: 19    Dex:  7    Spells: 22/22 levels left

rFire   + + +        P - +9 morningstar (heavy)
rCold   + + .        O - +2 kite shield {rC+ rF+}
rNeg    . . .        q - +0 gold dragon scales
rPois   +            W - +2 hat {Stlth+}
rElec   .            b - +2 cloak {rPois}
rCorr   .            (gloves unavailable)
SInv    +            (boots unavailable)
Will    +....        H - amulet of reflection Stlth
                     u - ring "Lysin" {rF++ Will- Str+3 Slay+4 SInv}
HPRegen 0.67/turn    y - ring "Tyttal" {AC+4 Str+2}
MPRegen 0.18/turn

%: reflection
@: on berserk cooldown, slowed, studying Dodging, very slow
A: drunken brawling, large, unfitting armour, horns 1, tough skin 1, double
potion healing, deformed body, strong 1, MP-powered wands
}: 3/15 runes: decaying, serpentine, silver
a: Renounce Religion, Berserk, Trog's Hand, Brothers in Arms


You were on level 1 of the Realm of Zot.
You worshipped Trog.
Trog was extremely pleased with you.
You visited 8 branches of the dungeon, and saw 40 of its levels.
You visited 1 bazaar.
You also visited: Bailey and Gauntlet.

You collected 7111 gold pieces.
You spent 3082 gold pieces at shops.

Inventory:

Hand Weapons
 a - a +2 morningstar of flaming
 P - a +9 heavy morningstar (weapon)
 Y - the +5 flail "Helesk" {holy, Fly Will+ Int-4 Dex+7}
   (You found it in a Gauntlet)

   Int-4:     It affects your intelligence (-4).
   Dex+7:     It affects your dexterity (+7).
   Will+:     It increases your willpower.
   Fly:       It grants you flight.
Missiles
 h - 205 stones
 m - 9 silver javelins
 A - 2 throwing nets
 C - 42 large rocks (quivered)
 G - 63 poisoned darts
 J - 8 curare-tipped darts
 Q - 7 javelins
Armour
 b - a +2 cloak of poison resistance (worn)
 q - +0 gold dragon scales (worn)
 O - a +2 kite shield of resistance (worn)
 W - a +2 hat of stealth (worn)
Jewellery
 e - a ring of resist corrosion
 k - a ring of positive energy
 r - a ring of willpower
 u - the ring "Lysin" (left hand) {rF++ Will- Str+3 Slay+4 SInv}
   (You bought it in a shop on level 2 of the Depths)

   [ring of slaying]

   Str+3:     It affects your strength (+3).
   Slay+4:    It affects your accuracy & damage with ranged weapons and melee
   (+4).
   rF++:      It greatly protects you from fire.
   Will-:     It decreases your willpower.
   SInv:      It lets you see invisible.
 v - a ring of ice
 y - the ring "Tyttal" (right hand) {AC+4 Str+2}
   (You took it off a minotaur in a Gauntlet)

   [ring of protection]

   AC+4:      It affects your AC (+4).
   Str+2:     It affects your strength (+2).
 F - a ring of protection from fire
 H - an amulet of reflection (around neck)
 X - the ring "Qyto" {Ice SInv}
   (You found it in a Gauntlet)

   [ring of ice]

   Ice:       It enhances your ice magic.
   rF-:       It makes you vulnerable to fire.
   rC+:       It protects you from cold.
   SInv:      It lets you see invisible.
 Z - the ring "Exzeylo" {rC+ Str+6 Dex+3}
   (You acquired it on level 2 of the Depths)

   [ring of strength]

   Str+6:     It affects your strength (+6).
   Dex+3:     It affects your dexterity (+3).
   rC+:       It protects you from cold.
Wands
 d - a wand of digging (21)
 g - a wand of flame (79)
 j - a wand of paralysis (44)
 t - a wand of roots (32)
 E - a wand of light (28)
 V - a wand of mindburst (8)
Scrolls
 f - 12 scrolls of teleportation
 o - 4 scrolls of fear
 s - 4 scrolls of blinking
 w - 6 scrolls of fog
 x - 10 scrolls of summoning
 I - 5 scrolls of vulnerability
 K - 5 scrolls of revelation
 L - 3 scrolls of torment
 N - a scroll of silence
Potions
 c - 21 potions of curing
 i - 2 potions of mutation
 l - 7 potions of haste
 n - a potion of ambrosia
 p - 3 potions of resistance
 z - 8 potions of attraction
 B - 5 potions of cancellation
 D - 5 potions of enlightenment
 M - 4 potions of berserk rage
 R - 8 potions of might
 S - 4 potions of invisibility
 U - 5 potions of lignification
Miscellaneous
 T - a lightning rod (4/4)


   Skills:
 O Level 27 Fighting
 - Level 21.2 Maces & Flails
 + Level 19.0 Throwing
 + Level 16.8 Armour
 - Level 2.6 Dodging
 + Level 17.0 Shields


You had 22 spell levels left.
You didn't know any spells.
Your spell library was empty.

Dungeon Overview and Level Annotations

Branches:
Dungeon (15/15)            Temple (0/1) D:5            Lair (5/5) D:11
  Swamp (4/4) Lair:3        Snake (4/4) Lair:2        Slime (0/5) Lair:4
    Orc (2/2) D:12            Elf (0/3) Orc:2        Vaults (5/5) D:14
  Crypt (0/3) Vaults:3     Depths (4/4) D:15            Zot (1/5) Depths:4
 Bailey (visited)         Gauntlet (visited)

Altars:
Ashenzari
Dithmenos
Elyvilon
Gozag
Hepliaklqana
Kikubaaqudgha
Makhleb
Nemelex Xobeh
Qazlal
Sif Muna
Trog
Uskayaw
Wu Jian
Xom
Zin
The Shining One
Jiyva
Lugonu

Shops:
D:3 !:(   D:6 [   Orc:1 *   Orc:2 [*=**   Vaults:2 :   Vaults:4 (   Vaults:5 !
Depths:2 =   Depths:4 :=:

Portals:
Hell: Depths:1 Depths:2 Depths:3 Depths:4
Abyss: Lair:5 Depths:1 Depths:3
Pandemonium: Orc:2 Depths:2 Depths:3
Ziggurat: Depths:1

Annotations:
D:7 2 transporters
D:12 2 exclusions
D:13 exclusion: orange crystal statue
D:14 exclusion: ice statue
Lair:1 2 transporters, exclusion: oklob plant, bungle's ghost, journeyman GnWn
Lair:5 2 exclusions
Snake:2 Asterion; Mlioglotl; Roxanne
Vaults:3 2 transporters, Joextigh's ghost, veteran KoHu


Innate Abilities, Weirdness & Mutations

Whenever you drink a potion that restores your health or magic, you attack all enemies around you.
You are too large for most types of armour.
You have a pair of small horns on your head.
You have tough skin. (AC +1)
Whenever you drink a potion that restores your health or magic, it restores twice as much.
Armour fits poorly on your strangely shaped body.
Your muscles are strong. (Str +4, Int/Dex -1)
You expend magic power (3 MP) to strengthen your wands.


Message History

The death cob is severely damaged.
You block the death cob's attack. x2
The death cob hits you but does no damage.
You puncture the death cob! Your headbutt misses the death cob.
The death cob is almost destroyed.
You block the death cob's attack. The death cob hits you!!
* * * LOW HITPOINT WARNING * * *
You barely miss the death cob. Your headbutt misses the death cob.
The death cob is almost destroyed.
The death cob hits you.
* * * LOW HITPOINT WARNING * * *
The death cob drains your vigour!
You feel as though you will be slow longer.
The electric golem blinks!
You block the death cob's attack.
The death cob hits you but does no damage.
You stick the death cob like a pincushion!!!!
You destroy the death cob!
Trog accepts your kill.
The moth of wrath angrily waves its antennae.
You block the moth of wrath's attack.
Your Throwing skill increases to level 19!
Your Shields skill increases to level 17!
You barely miss the moth of wrath. Your headbutt misses the moth of wrath.
The electric golem blinks!
You block the moth of wrath's attack.
You beat the moth of wrath like a drum!!!
You kill the moth of wrath!
Trog accepts your kill.
Unknown command.
You spit the moth of wrath like a pig!!!!
You kill the moth of wrath!
Trog accepts your kill.
You are no longer berserk.
You are exhausted.
You feel as though you will be slow longer.
The electric golem hurls lightning at you.
The bolt of lightning hits you!!!
* * * LOW HITPOINT WARNING * * *
The electric golem hurls lightning at you.
The bolt of lightning hits you!!!
You die...

,*,,,,,8,z..............,,,,,,***
*,,**,,,,,##.....#**********,,*
*,****,,,*#......# *,,* *,*
**,**#.####9# *,,* *,* *,***,*
#.# **,,*** *,* *,,,,,* #.#
*,,,,,, *,* ******* #.# *,,,***
*,* #.# #..,* *,*
#@#######**#.#,* *,*
#........,,...,* *,*
#.#######**#.#** *,* #.# #.# *,*
#####.##### #.#
*,*********#.........######.#####
*,,,,,,,,..........).............
*********########################


You could see an electric golem.

Vanquished Creatures
  2 ancient liches (Vaults:5)
  4 caustic shrikes (Depths:3)
  3 golden dragons
  5 tentacled monstrosities
  Jorgrun (Orc:2)
  2 liches
  Zenata (Vaults:3)
  5 quicksilver dragons
  6 titans (Vaults:5)
  A walking earthen tome (Depths:4)
  3 sphinxes
  2 death cobs (Zot:1)
  Gastronok (Lair:1)
  9 tengu reavers
  4 nagarajas (Snake:4)
  3 storm dragons
  Kirke (D:15)
  8 shadow dragons
  Donald (Orc:2)
  A draconian monk (Depths:4)
  3 frost giants
  9 fire giants
  A draconian knight (Depths:4)
  2 iron dragons
  A draconian scorcher (Depths:4)
  18 vault wardens
  17 ironbound preservers
  8 stone giants
  17 very ugly things
  A spriggan defender (Depths:2)
  2 orc warlords
  The ghost of lessens the Nimble, a journeyman GnMo of Okawaru (Orc:1)
  3 eleionomae
  A deep elf death mage (Vaults:5)
  Nessos (Orc:2)
  5 ironbound thunderhulks
  A green draconian (Depths:4)
  A vampire knight (Depths:2)
  A white draconian (Depths:4)
  5 dire elephants
  A red draconian (Depths:4)
  9 bunyips
  8 spark wasps
  A yellow draconian (Depths:4)
  A minotaur (Gauntlet)
  9 ettins
  A shambling mangrove (Swamp:4)
  6 great orbs of eyes
  3 fire dragons
  An entropy weaver (shapeshifter) (Lair:5)
  4 rakshasas
  2 entropy weavers
  14 yaktaur captains
  29 vault guards
  22 hydras
  2 demonspawn (Orc:2)
  6 spriggan air magi
  2 catoblepae (Lair:2)
  8 ice dragons
  7 alligators
  8 ironbound frosthearts
  12 anacondas
  A centaur warrior (D:14)
  4 two-headed ogres
  3 boulder beetles
  4 ghost crabs
  16 naga warriors
  4 deep troll shamans
  3 death yaks (Lair:3)
  6 orc high priests (Orc:2)
  A sphinx skeleton (Depths:3)
  4 thrashing horrors (Lair:5)
  2 deep troll earth magi
  3 tengu warriors
  2 vampire magi
  A storm dragon zombie (Depths:3)
  11 naga sharpshooters
  A sun demon (Depths:4)
  5 spriggan berserkers
  7 shock serpents
  29 hell knights
  Amaemon (Lair:3)
  A skyshark (shapeshifter) (Vaults:5)
  10 skeletal warriors
  4 iron trolls
  7 goliath frogs
  9 salamander mystics
  A shadow wraith (Vaults:5)
  A flayed ghost (Depths:1)
  3 glowing orange brains
  51 deep trolls
  7 spriggan druids
  9 naga ritualists
  4 bog bodies
  2 arcanists
  2 orb spiders (shapeshifter) (Vaults:5)
  9 lindwurms
  14 harpies
  12 ironbound convokers
  11 swamp dragons
  An iron dragon zombie (Depths:3)
  5 phantasmal warriors
  6 orc knights
  A lindwurm (shapeshifter) (Vaults:5)
  A wolf spider zombie (D:13)
  A large abomination (Lair:5)
  14 necromancers
  4 cyclopes
  6 will-o-the-wisps
  A tengu skeleton (Depths:3)
  11 mana vipers
  32 ugly things
  A manticore (D:12)
  Maurice (D:10)
  6 orc sorcerers
  2 moths of wrath (Zot:1)
  11 salamanders
  A stone giant skeleton (Vaults:5)
  10 centaur zombies (D:13)
  16 elephants
  8 guardian serpents
  16 vault sentinels
  A human skeleton (Vaults:5)
  31 black mambas
  A smoke demon (Gauntlet)
  22 naga magi
  A storm dragon simulacrum (Depths:3)
  8 cane toads
  A gargoyle (D:14)
  A centaur skeleton (D:15)
  2 rime drakes
  A kobold demonologist (D:13)
  An efreet (D:14)
  An orange demon (Lair:3)
  A redback zombie (D:15)
  4 tengu conjurers
  A freezing wraith (Vaults:5)
  33 yaktaurs
  An ice devil (D:12)
  11 komodo dragons
  11 trolls
  2 polar bears
  6 meliai
  A merfolk (shapeshifter) (Vaults:5)
  8 tyrant leeches
  3 red devils
  4 hornets
  2 saltlings (Vaults:2)
  A raiju (Lair:5)
  13 blink frogs
  2 meliai zombies (D:13)
  A raiju (shapeshifter) (Depths:2)
  Grinder (D:4)
  7 dream sheep (Lair:3)
  Sigmund (D:4)
  3 shadows
  A centaur simulacrum (D:15)
  2 vampires (D:13)
  3 ynoxinuls (Lair:5)
  23 slime creatures
  An ettin skeleton (Vaults:5)
  3 wyverns (D:11)
  10 small abominations (Lair:5)
  2 water elementals (Depths:4)
  4 spriggans
  8 wraiths
  A wyvern (shapeshifter) (D:14)
  61 yaks
  6 vampire mosquitoes
  10 basilisks
  A steam dragon (D:9)
  3 chaos spawn
  3 wargs
  A human zombie (Vaults:5)
  70 nagas
  A two-headed ogre zombie (D:12)
  17 swamp worms
  3 acid dragons
  16 water moccasins
  11 swamp drakes
  34 orc warriors
  3 ice beasts
  2 elephant zombies (Lair:4)
  5 ogres
  4 black bears
  5 boggarts (D:15)
  13 wolves
  The ghost of bungle the Covert, an amateur GnWn (D:3)
  8 centaurs
  A phantom (D:3)
  An elf simulacrum (Vaults:5)
  3 kobold brigands
  A komodo dragon zombie (Lair:4)
  A gnoll sergeant (D:10)
  10 bullfrogs
  5 wights (D:7)
  11 killer bees
  2 troll zombies (D:12)
  5 howler monkeys
  A basilisk zombie (Lair:4)
  3 lava snakes (D:13)
  2 crimson imps (Gauntlet)
  8 hounds
  3 gnoll boudas (D:3)
  A jelly (D:7)
  25 orc priests
  2 iguanas
  Ijyb (D:3)
  13 orc wizards
  2 hell rats (Lair:3)
  5 ogre zombies (D:12)
  Robin (D:4)
  23 gnolls
  10 river rats (Lair:3)
  7 adders
  2 bombardier beetles
  3 dart slugs
  91 orcs
  7 endoplasms
  A giant cockroach (D:4)
  18 goblins
  10 hobgoblins
  16 jackals
  2 quokkas
  10 ball pythons
  5 bats
  2 frilled lizards (D:3)
  3 gnoll skeletons (D:12)
  2 gnoll zombies (D:12)
  11 kobolds
  An orc skeleton (D:12)
  19 orc zombies (D:12)
  2 rats
1613 creatures vanquished.

Vanquished Creatures (collateral kills)
  A lich (Depths:4)
  The ghost of Taelin the Grappler, an adept TrEE of Vehumet (Snake:1)
  A tengu reaver (Vaults:5)
  2 vault wardens (Vaults:5)
  2 stone giants (Depths:2)
  An ettin (Vaults:5)
  A fire dragon (Depths:2)
  A yaktaur captain (Vaults:5)
  Josephine (Lair:2)
  An ogre mage (Vaults:5)
  2 ice dragons
  2 centaur warriors (D:14)
  A naga warrior (Snake:4)
  A shock serpent (Snake:4)
  A naga sharpshooter (Snake:1)
  A spriggan (Depths:3)
  A soul eater (Orc:2)
  An orc knight (Orc:2)
  An ugly thing (D:12)
  An orc sorcerer (Orc:2)
  A mana viper (Lair:2)
  A shining eye (Gauntlet)
  A naga mage (Snake:1)
  2 rust devils
  3 black mambas
  2 orange demons
  A yaktaur (Vaults:5)
  A hornet (Depths:3)
  A glass eye (Gauntlet)
  2 wraiths (Lair:2)
  3 hogs (D:15)
  A golden eye (Gauntlet)
  2 neqoxecs (D:12)
  A chaos spawn (Lair:5)
  A swamp worm (shapeshifter) (Vaults:5)
  10 orc warriors
  An ogre (Orc:1)
  2 centaurs (D:14)
  5 orc priests (Orc:2)
  An orc wizard (Orc:2)
  6 orcs
72 creatures vanquished.

Vanquished Creatures (others)
  A rakshasa (Depths:2)
  An orc high priest (Orc:2)
  An arcanist (Vaults:2)
  A swamp dragon (Swamp:4)
  A yaktaur (D:15)
  A tyrant leech (Swamp:2)
  A bloated husk (Swamp:1)
  4 humans (D:15)
  A swamp worm (Swamp:3)
  15 foxfires
27 creatures vanquished.

Grand Total: 1712 creatures vanquished

Notes
Turn   | Place    | Note
-------+----------+-------------------------------------------
     0 | D:1      | whatisthis the Oni Berserker began the quest for the Orb.
     0 | D:1      | Reached XP level 1. HP: 24/24 MP: 1/1
   224 | D:1      | Reached XP level 2. HP: 26/33 MP: 2/2
   485 | D:1      | Reached ** piety under Trog
   532 | D:1      | Reached XP level 3. HP: 40/40 MP: 3/3
  1016 | D:2      | Reached skill level 5 in Fighting
  1213 | D:2      | Noticed a black bear
  1230 | D:2      | Killed a black bear
  1231 | D:2      | Reached skill level 6 in Fighting
  1231 | D:2      | Reached XP level 4. HP: 52/52 MP: 4/4
  1231 | D:2      | Reached XP level 5. HP: 59/59 MP: 5/5
  1742 | D:3      | Found Yskuefuo's Distillery.
  1781 | D:3      | Found Siraj's Book Shop.
  1808 | D:3      | Found Qetsel's Weapon Emporium.
  1938 | D:3      | Found an opulent altar of Gozag.
  2141 | D:3      | Found a runed translucent gate.
  2142 | D:3      | Found a runed translucent gate.
  2142 | D:3      | Identified the +1 dagger of Impatience {speed, ^Drain rF++}
  2142 | D:3      | Noticed bungle's ghost (amateur GnWn)
  2143 | D:3      | Found a runed translucent gate.
  2381 | D:3      | Reached skill level 5 in Maces & Flails
  2381 | D:3      | Reached XP level 6. HP: 65/68 MP: 6/6
  2385 | D:3      | Reached skill level 7 in Fighting
  2597 | D:3      | Noticed Ijyb
  2851 | D:3      | Killed bungle's ghost
  2852 | D:3      | Reached XP level 7. HP: 67/79 MP: 7/7
  3070 | D:4      | Noticed Robin
  3078 | D:4      | Noticed Sigmund
  3094 | D:3      | Reached skill level 8 in Fighting
  3310 | D:3      | Reached *** piety under Trog
  3385 | D:3      | Killed Ijyb
  3646 | D:3      | Reached skill level 9 in Fighting
  3652 | D:3      | Reached XP level 8. HP: 92/92 MP: 8/8
  4011 | D:4      | Noticed Grinder
  4017 | D:4      | Killed Grinder
  4132 | D:4      | Killed Sigmund
  4133 | D:4      | Reached skill level 10 in Fighting
  4200 | D:4      | Killed Robin
  4412 | D:4      | Found a hazy altar of Hepliaklqana.
  4537 | D:4      | Reached **** piety under Trog
  4741 | D:5      | Entered Level 5 of the Dungeon
  5239 | D:5      | Found a staircase to the Ecumenical Temple.
  5288 | D:6      | Reached skill level 11 in Fighting
  5288 | D:6      | Reached XP level 9. HP: 105/105 MP: 9/9
  5377 | D:6      | Found Goynn's Antique Armour Shoppe.
  5482 | D:6      | Found a white marble altar of Elyvilon.
  5482 | D:6      | Found a glowing silver altar of Zin.
  5483 | D:6      | Found a glowing golden altar of the Shining One.
  5634 | D:6      | Found a shimmering altar of Xom.
  5885 | D:6      | Found a bloodstained altar of Trog.
  6196 | D:7      | Found a transporter.
  6202 | D:7      | Noticed an ancient zyme
  6204 | D:7      | Found a corrupted altar of Lugonu.
  6299 | D:7      | Reached skill level 1 in Throwing
  6314 | D:7      | Reached skill level 12 in Fighting
  6968 | D:7      | Found a shimmering blue altar of Sif Muna.
  7314 | D:7      | Found an ornate altar of the Wu Jian Council.
  7324 | D:7      | Reached skill level 1 in Shields
  7502 | D:7      | Noticed a cyan ugly thing
  7502 | D:7      | Noticed a cyan ugly thing
  7503 | D:7      | Found a transporter.
  7503 | D:7      | Noticed a cyan ugly thing
  7649 | D:8      | Found an ancient bone altar of Kikubaaqudgha.
  7709 | D:8      | Reached XP level 10. HP: 118/118 MP: 10/10
  7735 | D:8      | Reached skill level 10 in Maces & Flails
  8218 | D:9      | Found a flagged portal.
  8231 | Bailey   | Entered a bailey
  8390 | Bailey   | Reached skill level 13 in Fighting
  8655 | Bailey   | Noticed an orc knight
  8671 | Bailey   | Killed an orc knight
  8921 | D:9      | Reached skill level 14 in Fighting
  8921 | D:9      | Reached skill level 5 in Throwing
  8921 | D:9      | Reached skill level 5 in Shields
  8921 | D:9      | Reached XP level 11. HP: 131/131 MP: 11/11
  9244 | D:9      | Reached skill level 15 in Fighting
  9279 | D:9      | Found a broken altar of Ashenzari.
  9423 | D:9      | Paralysed by a centaur for 2 turns
  9570 | D:9      | Found a burning altar of Makhleb.
  9570 | D:9      | Noticed an Executioner
 10062 | D:10     | Entered Level 10 of the Dungeon
 10144 | D:10     | Noticed Maurice
 10476 | D:10     | Killed Maurice
 10493 | D:10     | Reached XP level 12. HP: 128/143 MP: 12/12
 10872 | D:10     | Found a sparkling altar of Nemelex Xobeh.
 11140 | D:11     | Reached skill level 16 in Fighting
 11275 | D:11     | Found a staircase to the Lair.
 11343 | D:11     | Noticed a two-headed ogre
 11350 | D:11     | Killed a two-headed ogre
 11389 | D:11     | Found a gate leading to a gauntlet.
 11418 | Gauntlet | Entered a Gauntlet
 11418 | Gauntlet | Found a transporter.
 11428 | Gauntlet | Found a transporter.
 11443 | Gauntlet | Found a transporter.
 11448 | Gauntlet | Found a transporter.
 11465 | Gauntlet | Found a transporter.
 11483 | Gauntlet | Found a transporter.
 11491 | Gauntlet | Noticed a dire elephant
 11492 | Gauntlet | Found a transporter.
 11492 | Gauntlet | Noticed a dire elephant
 11507 | Gauntlet | Found a transporter.
 11516 | Gauntlet | Noticed a great orb of eyes
 11519 | Gauntlet | Found a transporter.
 11530 | Gauntlet | Noticed a catoblepas
 11531 | Gauntlet | Found a transporter.
 11550 | Gauntlet | Found a transporter.
 11565 | Gauntlet | Found a transporter.
 11567 | Gauntlet | Found a transporter.
 11592 | Gauntlet | Found a transporter.
 11594 | Gauntlet | Found a transporter.
 11614 | Gauntlet | Found a transporter.
 11692 | Gauntlet | Found a transporter.
 11714 | Gauntlet | Found a transporter.
 11954 | Gauntlet | Killed a great orb of eyes
 11978 | Gauntlet | Identified the ring "Qyto" {Ice SInv}
 11980 | Gauntlet | Identified the +5 flail "Helesk" {holy, Fly Will+ Int-4
                  | Dex+7}
 11995 | Gauntlet | Identified the +7 long sword "Fuganol" {holy, Fly rPois}
 11995 | Gauntlet | Identified the ring "Tyttal" {AC+4 Str+2}
 11995 | Gauntlet | Noticed a minotaur
 12008 | Gauntlet | Killed a minotaur
 12300 | D:11     | Found a shadowy altar of Dithmenos.
 12500 | D:11     | Reached skill level 17 in Fighting
 12752 | D:11     | Reached XP level 13. HP: 136/156 MP: 13/13
 13028 | D:12     | Found a staircase to the Orcish Mines.
 13089 | D:12     | Reached ***** piety under Trog
 13450 | D:12     | Gained mutation: You occasionally lose the ability to read
                  | scrolls when taking damage. [a neqoxec]
 13903 | D:12     | Gained mutation: You are clumsy. (Dex -2) [a neqoxec]
 14040 | D:13     | Reached skill level 18 in Fighting
 14227 | D:13     | Reached skill level 10 in Shields
 14364 | Lair:1   | Entered Level 1 of the Lair of Beasts
 14370 | Lair:1   | Found a white marble altar of Elyvilon.
 14472 | Lair:1   | Found a transporter.
 14505 | Lair:1   | Noticed bungle's ghost (journeyman GnWn)
 14513 | Lair:1   | Found a bloodstained altar of Trog.
 14525 | Lair:1   | Found a transporter.
 14712 | Lair:1   | Noticed Gastronok
 14742 | Lair:1   | Killed Gastronok
 15696 | Lair:2   | Reached XP level 14. HP: 145/170 MP: 14/14
 15780 | Lair:2   | Reached skill level 19 in Fighting
 16575 | Lair:2   | Found a staircase to the Snake Pit.
 17160 | Lair:3   | Found a staircase to the Swamp.
 17361 | Lair:3   | Noticed Amaemon
 17371 | Lair:3   | Killed Amaemon
 18177 | Lair:4   | Found a viscous altar of Jiyva.
 18180 | Lair:4   | Found a staircase to the Slime Pits.
 18736 | Lair:4   | Identified the +6 rapier "Xyecseteu" {flame, rElec MP+9}
 19107 | Lair:5   | Entered Level 5 of the Lair of Beasts
 19423 | Lair:5   | Reached skill level 20 in Fighting
 19538 | Lair:5   | Reached XP level 15. HP: 183/183 MP: 15/15
 20168 | Lair:5   | Reached skill level 15 in Maces & Flails
 20184 | Lair:5   | Received a gift from Trog
 20311 | Lair:5   | Found a corrupted altar of Lugonu.
 20311 | Lair:5   | Found a one-way gate to the infinite horrors of the Abyss.
 20328 | Lair:5   | Identified the ring "Siegeora" {+Blink rPois}
 21272 | D:13     | Reached skill level 1 in Armour
 21880 | D:14     | Found a stormy altar of Qazlal.
 22218 | D:14     | Found a gate to the Vaults.
 23376 | D:15     | Entered Level 15 of the Dungeon
 23392 | D:15     | Reached skill level 21 in Fighting
 23441 | D:15     | Noticed Kirke
 23457 | D:15     | Killed Kirke
 23474 | D:15     | Reached XP level 16. HP: 197/197 MP: 16/16
 24068 | D:15     | Found a staircase to the Depths.
 24332 | D:15     | Found a glowing golden altar of the Shining One.
 24661 | Orc:1    | Entered Level 1 of the Orcish Mines
 25050 | Orc:2    | Entered Level 2 of the Orcish Mines
 25082 | Orc:1    | Found a runed translucent gate.
 25082 | Orc:1    | Found a runed translucent gate.
 25083 | Orc:1    | Found a runed translucent gate.
 25084 | Orc:1    | Found an opulent altar of Gozag.
 25084 | Orc:1    | Noticed lessens's ghost (journeyman GnMo)
 25549 | Orc:1    | Found Pexu Uwker's Assorted Antiques.
 25563 | Orc:1    | Killed lessens's ghost
 25690 | Orc:2    | Found Ruaru's Assorted Antiques.
 25809 | Orc:2    | Noticed Nessos
 25814 | Orc:2    | Killed Nessos
 25825 | Orc:2    | Noticed Jorgrun
 25833 | Orc:2    | Killed Jorgrun
 26025 | Orc:2    | Reached skill level 5 in Armour
 26152 | Orc:2    | Found Qiusuupp's General Store.
 26295 | Orc:2    | Found Yjeal's General Store.
 26400 | Orc:2    | Noticed Donald
 26462 | Orc:2    | Killed Donald
 27028 | Orc:2    | Received a gift from Trog
 27112 | Orc:2    | Found Eguitug's Antique Armour Shoppe.
 27112 | Orc:2    | Found Sotwiq's Jewellery Emporium.
 27113 | Orc:2    | Found a one-way gate leading to the halls of Pandemonium.
 27125 | Orc:2    | Bought an embroidered cloak for 247 gold pieces
 27161 | Orc:2    | Bought a scroll of identify for 36 gold pieces
 27341 | Orc:2    | Found a staircase to the Elven Halls.
 27494 | Orc:2    | Bought a potion of heal wounds for 85 gold pieces
 27494 | Orc:2    | Bought a potion of curing for 51 gold pieces
 27494 | Orc:2    | Bought a potion of enlightenment for 85 gold pieces
 27494 | Orc:2    | Bought a scroll of identify for 34 gold pieces
 27494 | Orc:2    | Bought a scroll of blinking for 127 gold pieces
 27556 | D:12     | Lost mutation: You are clumsy. (Dex -2) [potion of
                  | mutation]
 27556 | D:12     | Lost mutation: You occasionally lose the ability to read
                  | scrolls when taking damage. [potion of mutation]
 27556 | D:12     | Gained mutation: You have hidden genetic defects. [potion
                  | of mutation]
 27556 | D:12     | Gained mutation: Your system is resistant to poisons.
                  | (rPois) [potion of mutation]
 27917 | Swamp:1  | Entered Level 1 of the Swamp
 28305 | Swamp:1  | Identified the +2 long sword of Qazlal's Envy {flame, rElec
                  | Int+4 Dex+4}
 28354 | Swamp:1  | Reached skill level 22 in Fighting
 28733 | Swamp:1  | Found a glowing golden altar of the Shining One.
 28733 | Swamp:1  | Identified the +1 long sword of the Witching Gods {heavy,
                  | rElec rF- Str+3 Dex+9}
 28755 | Swamp:1  | Reached XP level 17. HP: 185/208 MP: 17/17
 29138 | Swamp:2  | Gained mutation: Your magical capacity is low. (-10% MP)
                  | [hidden defects]
 30778 | Swamp:3  | Received a gift from Trog
 30783 | Swamp:3  | Gained mutation: Armour fits poorly on your strangely
                  | shaped body. [hidden defects]
 30783 | Swamp:3  | Lost mutation: You have hidden genetic defects. [hidden
                  | defects expressed]
 31475 | Swamp:4  | Entered Level 4 of the Swamp
 31980 | Swamp:4  | Reached skill level 10 in Throwing
 32975 | Swamp:4  | Got a decaying rune of Zot
 33150 | Swamp:4  | Reached skill level 23 in Fighting
 34113 | Snake:1  | Entered Level 1 of the Snake Pit
 34113 | Snake:1  | Noticed Josephine
 34156 | Lair:2   | Killed Josephine
 34453 | Snake:1  | Identified the +0 leather armour of Viwyne {rF++ rN+++
                  | Int-3 Slay-3}
 34483 | Lair:2   | Reached XP level 18. HP: 83/222 MP: 16/16
 35301 | Snake:1  | Found a runed translucent gate.
 35301 | Snake:1  | Found a runed translucent gate.
 35302 | Snake:1  | Found a runed translucent gate.
 35302 | Snake:1  | Noticed Taelin's ghost (adept TrEE)
 35586 | Snake:1  | Found a shimmering altar of Xom.
 36184 | Snake:1  | Killed Taelin's ghost
 36494 | Snake:2  | Noticed Roxanne
 36509 | Snake:2  | Noticed Asterion
 36584 | Snake:2  | Noticed Mlioglotl
 37282 | Snake:3  | Reached skill level 24 in Fighting
 37390 | Snake:3  | Reached skill level 10 in Armour
 37897 | Snake:3  | Received a gift from Trog
 38535 | Snake:4  | Entered Level 4 of the Snake Pit
 39512 | Snake:4  | Reached XP level 19. HP: 231/235 MP: 17/17
 39931 | Snake:4  | Received a gift from Trog
 41394 | Snake:4  | Got a serpentine rune of Zot
 41792 | Depths:1 | Entered Level 1 of the Depths
 41965 | Depths:1 | Found a gateway to Hell.
 41989 | Depths:1 | Found a one-way gateway to a ziggurat.
 42357 | Depths:1 | Received a gift from Trog
 42549 | Depths:1 | Found an ancient bone altar of Kikubaaqudgha.
 42659 | Depths:1 | Found a white marble altar of Elyvilon.
 42700 | Depths:1 | Reached skill level 25 in Fighting
 44450 | Depths:2 | Reached XP level 20. HP: 249/249 MP: 18/18
 44452 | Depths:2 | Identified a scroll of acquirement
 44535 | Depths:2 | Found Bessacsem's Jewellery Shop.
 44541 | Depths:2 | Acquired the ring "Exzeylo" {rC+ Str+6 Dex+3}
 45580 | Depths:3 | Identified the +5 orcbow "Ultimatum" {antimagic, Str+5}
 45584 | Depths:3 | Found a gateway to a bazaar.
 45609 | Bazaar   | Entered a bazaar
 45609 | Bazaar   | Found Naotypso's Armour Shoppe.
 45609 | Bazaar   | Found Etimnan's Antique Armour Shoppe.
 45609 | Bazaar   | Found Doexaf's Magic Scroll Emporium.
 45609 | Bazaar   | Found Yroubut's Antique Armour Shoppe.
 45623 | Bazaar   | Bought a scroll of fear for 44 gold pieces
 45623 | Bazaar   | Bought a scroll of blinking for 82 gold pieces
 45643 | Bazaar   | Bought a glowing cloak for 150 gold pieces
 45643 | Bazaar   | Bought an embroidered hat for 140 gold pieces
 45711 | Depths:3 | Found a hide-covered altar of Uskayaw.
 46105 | Depths:3 | Noticed a caustic shrike
 46107 | Depths:3 | Noticed a caustic shrike
 46107 | Depths:3 | Noticed a caustic shrike
 46109 | Depths:3 | Noticed a caustic shrike
 46392 | Depths:3 | Killed a caustic shrike
 46401 | Depths:3 | Killed a caustic shrike
 46407 | Depths:3 | HP: 3/249 [spriggan druid/+1 quarterstaff of pain (11)]
 46421 | Depths:3 | HP: 11/250 [storm dragon simulacrum[a necromancer] (6)]
 46432 | Depths:3 | HP: 7/250 [acid (9)]
 46436 | Depths:3 | Killed a caustic shrike
 46688 | Depths:3 | Killed a caustic shrike
 47174 | Depths:3 | Reached skill level 26 in Fighting
 47510 | Depths:3 | Found a shimmering blue altar of Sif Muna.
 47580 | Depths:4 | Entered Level 4 of the Depths
 48287 | Depths:4 | Reached skill level 15 in Throwing
 48324 | Depths:4 | Reached XP level 21. HP: 248/261 MP: 18/18
 48733 | Depths:4 | Found Xaoc's Book Boutique.
 48733 | Depths:4 | Found Bakhes's Jewellery Shoppe.
 48734 | Depths:4 | Found Rurghi's Book Boutique.
 49198 | Depths:4 | Noticed a golden dragon
 49208 | Depths:4 | Killed a golden dragon
 49499 | Depths:4 | Found a gate to the Realm of Zot.
 49989 | Vaults:1 | Entered Level 1 of the Vaults
 51079 | Vaults:1 | Received a gift from Trog
 51080 | Vaults:1 | Reached skill level 27 in Fighting
 52047 | Vaults:1 | Received a gift from Trog
 52360 | Vaults:2 | Reached XP level 22. HP: 220/275 MP: 19/19
 52727 | Vaults:2 | Found Fezikoc's Book Shoppe.
 53581 | Vaults:3 | Noticed Zenata
 53586 | Vaults:3 | Killed Zenata
 53613 | Vaults:3 | Found a staircase to the Crypt.
 53700 | Vaults:3 | Noticed Joextigh's ghost (veteran KoHu)
 53701 | Vaults:3 | Found a transporter.
 53713 | Vaults:3 | Found a transporter.
 54018 | Vaults:3 | Received a gift from Trog
 54333 | Vaults:3 | Reached skill level 15 in Shields
 55171 | Vaults:4 | Found Govivvet's Weapon Emporium.
 55461 | Vaults:4 | Reached skill level 15 in Armour
 56197 | Vaults:4 | Reached ****** piety under Trog
 56638 | Depths:2 | Bought the ring "Lysin" {rF++ Will- Str+3 Slay+4 SInv} for
                  | 1168 gold pieces
 56862 | Vaults:5 | Entered Level 5 of the Vaults
 56864 | Vaults:5 | Noticed a golden dragon
 56865 | Vaults:5 | Noticed an ancient lich
 56882 | Vaults:5 | HP: 13/275 [vault guard/+3 great mace (21)]
 56898 | Vaults:5 | HP: 18/412 [titan (27)]
 56916 | Vaults:5 | Received a gift from Trog
 57009 | Vaults:5 | Identified the +5 orcbow "Didghosa" {antimagic, rElec Str-5
                  | Int+6}
 57017 | Vaults:5 | HP: 12/274 [tengu reaver/bolt of fire (14)]
 57020 | Vaults:5 | HP: 5/261 [tengu reaver/bolt of negative energy (22)]
 57023 | Vaults:5 | Reached XP level 23. HP: 29/273 MP: 20/20
 57276 | Vaults:5 | Noticed an ancient lich
 57283 | Vaults:5 | Killed an ancient lich
 57806 | Vaults:5 | Killed a golden dragon
 58132 | Vaults:5 | Identified the +11 shortbow "Orb Guardian's Doom" {heavy,
                  | *Slow rC+ SInv}
 58244 | Vaults:5 | Noticed a golden dragon
 58261 | Vaults:5 | Killed a golden dragon
 58526 | Vaults:5 | Received a gift from Trog
 58841 | Vaults:5 | Identified the ring "Yjolang" {*Corrode rC+ Dex+3 SInv
                  | Stlth+}
 58911 | Vaults:5 | Killed an ancient lich
 58919 | Vaults:5 | Identified the +10 war axe "Toanki" {holy, *Noise rCorr
                  | Dex+2}
 59036 | Vaults:5 | Found Oweafov's Distillery.
 59045 | Vaults:5 | Bought a potion of might for 68 gold pieces
 59045 | Vaults:5 | Bought a potion of haste for 170 gold pieces
 59045 | Vaults:5 | Bought 2 potions of invisibility for 272 gold pieces
 59045 | Vaults:5 | Bought a potion of curing for 51 gold pieces
 59045 | Vaults:5 | Bought a potion of curing for 51 gold pieces
 59045 | Vaults:5 | Bought a potion of curing for 51 gold pieces
 59045 | Vaults:5 | Bought a potion of might for 68 gold pieces
 59536 | Vaults:5 | Got a silver rune of Zot
 59590 | Vaults:5 | Received a gift from Trog
 59876 | Vaults:5 | Found the +0 mask of the Dragon {Will+ Slay+3 SInv}
 60083 | Vaults:5 | Acquired a manual of Dodging
 60112 | Vaults:5 | Bought 2 potions of curing for 102 gold pieces
 60171 | Vaults:5 | Acquired 579 gold pieces
 60295 | Vaults:5 | Lost mutation: Your magical capacity is low. (-10% MP)
                  | [potion of mutation]
 60295 | Vaults:5 | Lost mutation: Your system is resistant to poisons. (rPois)
                  | [potion of mutation]
 60295 | Vaults:5 | Lost mutation: Armour fits poorly on your strangely shaped
                  | body. [potion of mutation]
 60295 | Vaults:5 | Gained mutation: Armour fits poorly on your strangely
                  | shaped body. [potion of mutation]
 60295 | Vaults:5 | Gained mutation: Your muscles are strong. (Str +4, Int/Dex
                  | -1) [potion of mutation]
 60295 | Vaults:5 | Gained mutation: You expend magic power (3 MP) to
                  | strengthen your wands. [potion of mutation]
 60572 | Zot:1    | Entered Level 1 of the Realm of Zot
 60655 | Zot:1    | HP: 4/284 [electric golem/bolt of lightning (41)]
 60656 | Zot:1    | Killed from afar by an electric golem

Illustrated notes

Levels and vault maps discovered:
D:1:      sevenhm_arrival_forest_fort_small_3, layout_basic
D:2:      layout_basic, minmay_pentomino_w2
D:3:      lemuel_castle_with_subvaults [lemuel_castle_interior_carwin_3],
          layout_rooms, nicolae_overflow_crystal_walls,
          biasface_ghost_orc_armoury, serial_shops,
          nicolae_shop_competitors_out_of_business, shop, shop, uniq_ijyb
D:4:      layout_rooms, mainiacjoe_overflow_24_doors, minmay_misc_feat_chi,
          chequers_serial_rivers_small_b, uniq_robin, uniq_grinder, uniq_sigmund
D:5:      layout_rooms, minmay_temple_entry_poolview
D:6:      layout_basic, good_gods_temple_1, tgw_xom, bloody_trog, serial_shops,
          nicolae_shop_trees
D:7:      gammafunk_corrupted_shrine, layout_loops_corners,
          mainiacjoe_overflow_tiny_flanked, nicolae_wu_jian_immortal_techniques,
          hex_medium
D:8:      layout_loops_ring, mainiacjoe_overflow_concentric_impassable,
          glass_columns_b
D:9:      layout_stronghold, ashenzari_conservatory_becter,
          makhleb_altar_promises_db, enter_bailey_3
D:10:     layout_cave_pools, mainiacjoe_overflow_cross_hatched,
          kennysheep_generic_room_14, uniq_maurice
D:11:     layout_basic, minmay_lair_entry_grove, gauntlet_entry_generic,
          nicolae_dithmenos_shadow_blocks
D:12:     layout_gridville, zombieorc2_lemuel, nicolae_neqoxec_dot_bat
D:13:     layout_roguey, serial_undead, serial_undead_c, serial_undead_a,
          serial_undead_d, serial_undead_a, disabler_island
D:14:     layout_stronghold, hellmonk_vaults_order_and_chaos,
          nicolae_qazlal_style_of_elements, portal_ice_cave_entry_ice_statue_two
D:15:     grunt_enter_depths_magical_seal, layout_basic, hangedman_decor_points,
          tso_metal_star, uniq_kirke
Lair:1:   layout_concentric_octagons, gammafunk_ghost_wrathful_warriors,
          lemuel_oklob_altar, uniq_gastronok
Lair:2:   layout_cave_pods, alex1729_snake_entry_snake, serial_bayou_pond_d,
          grunt_megastairs_5, serial_bayou_shore_a, serial_bayou_shore_b
Lair:3:   layout_small_grid, minmay_swamp_entry_worms, kennysheep_rathole,
          uniq_amaemon
Lair:4:   pond_and_an_island_with_a_cottage, layout_regular_city, slime_entry_1
Lair:5:   hellmonk_lair_end_abyssal_woods, layout_regular_city
Swamp:1:  layout_basic_swamp, lemuel_altar_in_water
Swamp:2:  layout_basic_swamp, nicolae_swamp_some_circles, swamp_pool_1_2,
          hangedman_swamp_diagram
Swamp:3:  layout_basic_swamp, evilmike_swamp_ruin_wall, swamp_pool_5
Swamp:4:  swamp_alternative, layout_basic_swamp
Snake:1:  layout_grid_shapes, basic_altar, gammafunk_ghost_split,
          nicolae_large_snake_swirl, serial_bayou_shore_b, grunt_megastairs_2,
          uniq_josephine
Snake:2:  layout_misc_corridors, grunt_megastairs_1, uniq_asterion,
          uniq_mlioglotl, uniq_roxanne
Snake:3:  layout_grid_maze
Snake:4:  johnstein_snake_rune_scales, layout_cave_town
Orc:1:    layout_caves, ebering_ghost_gozag
Orc:2:    pf_orc_diabolical, layout_diamond_mine, serial_shops, shop,
          library_closet, uniq_donald, uniq_jorgrun, uniq_nessos
Vaults:1: nicolae_vaults_closet_pinwheel_1, nicolae_vaults_house_3, v_pattern_4,
          nicolae_vaults_tetromino_Z_1, v_rooms_4, vaults_dpeg_hooks,
          layout_vaults_omnigrid
Vaults:2: portal_desolation_entry_nicolae_nacl, ontoclasm_vaults_shuriken,
          nicolae_vaults_doubleplus_tesselated, hangedman_vaults_cutoff,
          vaults_mumra_hexcomb, nicolae_vaults_theta,
          serial_library_hellmonk_open_cross, nicolae_vaults_little_squares_5,
          v_misc_19, nicolae_vaults_sightless_eye, nicolae_vaults_shelves_hall,
          nicolae_vaults_little_squares_4, layout_vaults_omnibox, serial_shops,
          shop
Vaults:3: gammafunk_ghost_arena, v_misc_31, hangedman_vaults_nodes, v_rooms_6,
          nicolae_vaults_little_squares_4, vaults_room_semicircle,
          nicolae_vaults_trapezoid_lopsided_3, nicolae_vaults_little_squares_5,
          vaults_room_pool, layout_vaults_chaotic_city, uniq_zenata
Vaults:4: nicolae_vaults_heart-shaped_vault, v_misc_27, ontoclasm_vaults_twist,
          nicolae_vaults_taking_the_gang_shopping,
          nicolae_vaults_door_testing_chamber, nicolae_vaults_border_crossing,
          v_misc_9, nicolae_vaults_trapezoid_layered, v_misc_8,
          nicolae_vaults_tetromino_L_1, nicolae_vaults_enemy_cabinets,
          vaults_dpeg_encased_lava, layout_vaults_ring
Vaults:5
Depths:1: layout_gridlike, enter_ziggurat_f, kiku_gazebo_pond_becter,
          abyss_entry, grunt_metal_band, elyvilon_altar_1
Depths:2: minmay_octagon_keep, layout_long_grid, serial_bayou_ford_a, pan_entry,
          serial_shops, shop, hell_entry, minmay_misc_feat_diagonals,
          infiniplex_staircase_zigzag_2
Depths:3: tekkud_shrikecote, layout_cross, serial_glass, glass_columns_a,
          glass_columns_a, feat_on_display, abyss_entry, pan_entry,
          led_sif_pool, serial_shops, bzr_entry_customers, hell_entry,
          st_stairs_4, dancing_weapons_uskayaw, infiniplex_staircase_x
Depths:4: grunt_zot_entry_bicorn, layout_long_grid, grunt_pan_entry_in_and_out,
          serial_bayou_pond_b, hangedman_geh_valley, amcnicky_mini_pool_small,
          minmay_shop_grove
Zot:1:    gammafunk_sealed_library, layout_basic, grunt_ministairs_14,
          hangedman_xom_zot_hilarity

Skill      XL: |  1  2  3  4  5  6  7  8  9 10 11 12 13 14 15 16 17 18 19 20 21 22 23 |
---------------+----------------------------------------------------------------------+-----
Fighting       | 6 7 9 11 12 14 15 17 18 20 21 22 23 24 25 26 27 | 27.0
Maces & Flails | 4 5 6 8 9 11 12 13 14 15 16 18 19 21 | 21.2
Throwing       | 2 5 6 8 9 11 12 13 15 16 17 19 | 19.0
Shields        | 2 5 6 8 10 11 12 13 14 15 17 | 17.0
Armour         | 3 6 8 10 11 13 14 15 16 | 16.8
Dodging        | |  2.6

Action                     |  1- 3 |  4- 6 |  7- 9 | 10-12 | 13-15 | 16-18 | 19-21 | 22-24 || total
---------------------------+-------+-------+-------+-------+-------+-------+-------+-------++-------
  Melee: Mace              |    90 |    30 |       |       |       |       |       |       ||   120
         Headbutt          |    12 |    17 |    64 |   130 |   360 |   254 |   149 |   111 ||  1097
         Flail             |       |    80 |   416 |   570 |  1214 |   388 |       |       ||  2668
         Punch             |       |     1 |     3 |       |       |       |       |       ||     4
         Morningstar       |       |       |       |       |       |   819 |   719 |   371 ||  1909
  Throw: Stone             |     3 |       |       |    16 |    43 |    12 |    54 |    29 ||   157
         Boomerang         |       |       |     4 |     7 |    90 |   524 |   249 |       ||   874
         Dart              |       |       |    10 |    12 |    30 |     6 |     2 |       ||    60
         Throwing net      |       |       |       |     2 |       |       |       |       ||     2
         Javelin           |       |       |       |       |    11 |    23 |    30 |    12 ||    76
         Large rock        |       |       |       |       |       |    12 |   189 |   217 ||   418
 Invoke: Berserk           |     1 |     2 |     8 |     8 |     5 |    16 |    15 |     5 ||    60
         Trog's Hand       |       |     1 |     2 |     4 |     5 |    10 |     8 |     6 ||    36
         Brothers in Arms  |       |       |       |     4 |     8 |    12 |     8 |     5 ||    37
  Evoke: Wand              |       |       |     1 |     1 |       |     1 |     1 |     1 ||     5
         Lightning rod     |       |       |       |       |     2 |       |       |       ||     2
    Use: Scroll            |       |       |    13 |     3 |    12 |     8 |    17 |     8 ||    61
         Potion            |       |       |       |     1 |       |     2 |     5 |    10 ||    18
   Stab: Paralysed         |       |       |     2 |     1 |       |       |       |       ||     3
         Held in net/web   |       |       |       |     1 |       |       |       |       ||     1
         Petrified         |       |       |       |       |     2 |       |       |       ||     2
         Sleeping          |       |       |       |       |     2 |       |       |       ||     2
         Distracted        |       |       |       |       |       |     1 |     1 |       ||     2
         Confused          |       |       |       |       |       |     1 |       |       ||     1
 Armour: Animal skin       |    69 |    91 |   270 |   169 |       |       |       |       ||   599
         Troll leather arm |       |       |       |   158 |   346 |       |       |       ||   504
         Acid dragon scale |       |       |       |       |   114 |   157 |       |       ||   271
         Swamp dragon scal |       |       |       |       |       |   649 |   162 |       ||   811
         Ice dragon scales |       |       |       |       |       |       |   498 |   190 ||   688
         Gold dragon scale |       |       |       |       |       |       |       |   135 ||   135
         Skin              |       |       |       |       |       |       |       |     2 ||     2
  Dodge: Dodged            |    54 |    74 |   181 |   129 |   186 |   235 |   172 |    69 ||  1100
  Block: Other             |       |       |    25 |       |       |       |       |       ||    25
         Kite shield       |       |       |    21 |   411 |   968 |  1176 |   778 |   343 ||  3697
         Reflection        |       |       |       |     7 |    33 |    89 |    44 |    38 ||   211

Table legend: (Time is in decaauts)
 A = Elapsed time spent in this place.
 B = Non-inter-level travel time spent in this place.
 C = Inter-level travel time spent in this place.
 D = Time resting spent in this place.
 E = Time spent auto-exploring this place.
 F = Levels seen in this place.
 G = Mean time per level.
                   A        B        C        D        E       F      G
               +--------+--------+--------+--------+--------+-----+--------+
         Total |  60647 |  56583 |   4064 |  13868 |  23862 |  43 | 1410.4 |
       Dungeon |  17424 |  16025 |   1399 |   2347 |   9195 |  15 | 1161.6 |
          Lair |   7357 |   6619 |    738 |    873 |   3587 |   5 | 1471.4 |
         Swamp |   5919 |   5649 |    270 |   2317 |   2076 |   4 | 1479.8 |
     Snake Pit |   6796 |   6524 |    272 |   2088 |   2365 |   4 | 1699.0 |
  Orcish Mines |   2789 |   2510 |    279 |    398 |    996 |   2 | 1394.5 |
        Vaults |  10354 |   9685 |    669 |   2514 |   3032 |   5 | 2070.8 |
        Depths |   8456 |   8022 |    434 |   2923 |   2198 |   4 | 2114.0 |
           Zot |     87 |     87 |      0 |      0 |      0 |   1 |   87.0 |
        Bazaar |     41 |     41 |      0 |      0 |     18 |   1 |   41.0 |
        Bailey |    710 |    710 |      0 |    404 |      0 |   1 |  710.0 |
      Gauntlet |    709 |    709 |      0 |      0 |    394 |   1 |  709.0 |
               +--------+--------+--------+--------+--------+-----+--------+

Top non-repeatable levels by time:
Vaults:5: 3470 daAuts
 Swamp:3: 2655 daAuts
Depths:2: 2303 daAuts
     D:3: 2269 daAuts
Vaults:1: 2259 daAuts
  Lair:2: 2205 daAuts
 Snake:4: 2191 daAuts
Depths:1: 2076 daAuts
Depths:4: 2070 daAuts
 Snake:3: 2055 daAuts
Depths:3: 2005 daAuts
   Orc:2: 1773 daAuts
    D:14: 1716 daAuts
 Snake:1: 1641 daAuts
Vaults:3: 1617 daAuts
